 Dungeon Crawl Stone Soup version 0.29.1-12-g30fa7ad0bf (webtiles) character file.

Game seed: 3903086551467712063

176 hawla the Chiller (level 6, -6/46 HPs)
             Began as a Meteoran Ice Elementalist on Dec 28, 2022.
             Was an Initiate of Vehumet.
             Killed from afar by a steam dragon (21 damage)
             ... with a ball of steam
             ... on level 7 of the Dungeon.
             The game lasted 00:03:18 (916 turns).

hawla the Chiller (Meteoran Ice Elementalist)        Turns: 916, Time: 00:03:19

Health: -6/46      AC:  2    Str:  9    XL:     6   Next: 12%
Magic:  4/13       EV: 13    Int: 18    God:    Vehumet [......]
Gold:   102        SH:  0    Dex: 16    Spells: 12/13 levels left

rFire   . . .      SeeInvis .   (no weapon)
rCold   . . .      Faith    .   (no shield)
rNeg    . . .      Spirit   .   a - +0 robe
rPois   .          Reflect  .   (no helmet)
rElec   .          Harm     .   (no cloak)
rCorr   .          Rampage  .   (no gloves)
Will    .....                   (no boots)
Stlth   +.........              (no amulet)
HPRegen 0.15/turn               (no ring)
MPRegen 0.13/turn               (no ring)

@: glowing
A: sense surroundings 1, otherworldly, glowing, explore regen
a: Renounce Religion


You were on level 7 of the Dungeon.
You worshipped Vehumet.
Vehumet was noncommittal.
You visited 1 branch of the dungeon, and saw 7 of its levels.

You collected 102 gold pieces.

Inventory:

Armour
 a - a +0 robe (worn)
Wands
 g - a wand of acid (6) (quivered)
Potions
 b - a potion of magic
 c - a potion of resistance {unknown}
 d - a potion of flight
 e - a potion of curing {unknown}
 f - a potion of mutation {unknown}
 h - a potion of cancellation {unknown}
 i - a potion of heal wounds {unknown}


   Skills:
 + Level 0.4 Fighting
 + Level 3.1 Dodging
 - Level 1.4 Stealth
 + Level 4.0 Spellcasting
 + Level 6.0 Ice Magic
 + Level 2.0 Evocations


You had 12 spell levels left.
You knew the following spells:

 Your Spells              Type           Power      Damage    Failure   Level
a - Freeze                Ice            100%       1d11      1%          1

Your spell library contained the following spells:

 Spells                   Type           Power      Damage    Failure   Level
 Frozen Ramparts          Ice            50%        1d8       3%          3
 Ozocubu's Armour         Ice            25%        N/A       3%          3
 Hailstorm                Conj/Ice       14%        3d5       38%         4


Dungeon Overview and Level Annotations

Branches:
Dungeon (7/15) Zot: 3284
 Temple: D:4-7

Altars:
Fedhas
Vehumet

Shops:
D:5 (


Innate Abilities, Weirdness & Mutations

You passively map a small area around you.
You are easily found by Zot.
You glow in the dark.
You regain HP and MP as you explore.


Message History

The steam dragon barely misses you. x2
Casting: Freeze (safe; 1% risk of failure)
Confirm with . or Enter, or press ? or * to list all spells.
Aiming: Freeze (safe; 1% risk of failure)
Press: ? - help, Shift-Dir - straight line, f/p - steam dragon
Aim: a steam dragon (lightly wounded)
You freeze the steam dragon!
The steam dragon is moderately wounded.
The scorpion misses you. The steam dragon bites you!
The steam dragon barely misses you.
Casting: Freeze (safe; 1% risk of failure)
Confirm with . or Enter, or press ? or * to list all spells.
Aiming: Freeze (safe; 1% risk of failure)
Press: ? - help, Shift-Dir - straight line, f/p - steam dragon
Aim: a steam dragon (moderately wounded)
You freeze the steam dragon!
The steam dragon is heavily wounded.
The scorpion barely misses you. The steam dragon barely misses you.
The steam dragon completely misses you.
Casting: Freeze (safe; 1% risk of failure)
Confirm with . or Enter, or press ? or * to list all spells.
Aiming: Freeze (safe; 1% risk of failure)
Press: ? - help, Shift-Dir - straight line, f/p - steam dragon
Aim: a steam dragon (heavily wounded)
You freeze the steam dragon.
The steam dragon is severely wounded.
The scorpion stings you but does no damage.
The steam dragon bites you but does no damage.
The steam dragon barely misses you.
Casting: Freeze (safe; 1% risk of failure)
Confirm with . or Enter, or press ? or * to list all spells.
Aiming: Freeze (safe; 1% risk of failure)
Press: ? - help, Shift-Dir - straight line, f/p - steam dragon
Aim: a steam dragon (severely wounded)
You freeze the steam dragon.
The steam dragon is severely wounded.
The scorpion stings you. The steam dragon breathes steam at you.
The ball of steam hits you!!
You die...

* , ,,, <.. .... ....
, , .. ...# .... *
##.###..#.....
.......#... , ,,
,?.#...... , * ,
#.....# * . ,,*#..sD.#
*#. ,...
###.[@..####..., , , ,
....#...........#.. ,
,
,........#..........,
, ........#..........
*
,.......#...........,,
, .......#...........
* .......#...........
, , , ,
..............#... , ,
, .............##


You could see a steam dragon (catching breath) and a scorpion.

Vanquished Creatures
  A bullfrog (D:7)
  A scorpion (D:7)
  A howler monkey (D:5)
  3 orcs (D:4)
  2 endoplasms (D:4)
  A ball python (D:4)
9 creatures vanquished.

Notes
Turn   | Place    | Note
-------+----------+-------------------------------------------
     0 | D:1      | hawla the Meteoran Ice Elementalist began the quest for the
                  | Orb.
     0 | D:1      | Reached XP level 1. HP: 14/14 MP: 5/5
    57 | D:4      | Found a radiant altar of Vehumet.
    63 | D:4      | Became a worshipper of Vehumet
   148 | D:4      | Found a blossoming altar of Fedhas.
   397 | D:4      | Reached XP level 2. HP: 20/20 MP: 2/6
   757 | D:5      | Entered Level 5 of the Dungeon
   829 | D:5      | Noticed a howler monkey
   837 | D:5      | Killed a howler monkey
   838 | D:5      | Reached skill level 5 in Ice Magic
   838 | D:5      | Reached XP level 3. HP: 12/26 MP: 1/8
   838 | D:5      | Reached XP level 4. HP: 15/33 MP: 1/9
   857 | D:5      | Noticed an ice beast
   864 | D:5      | Found Heecyall's Antique Weapon Shop.
   871 | D:6      | Noticed a scorpion
   891 | D:7      | Killed a scorpion
   892 | D:7      | Reached XP level 5. HP: 19/38 MP: 5/11
   903 | D:7      | Noticed a bullfrog
   906 | D:7      | Noticed a steam dragon
   911 | D:7      | Killed a bullfrog
   912 | D:7      | Reached skill level 6 in Ice Magic
   912 | D:7      | Reached XP level 6. HP: 28/46 MP: 8/13
   916 | D:7      | Killed from afar by a steam dragon

Illustrated notes

Levels and vault maps discovered:
D:1:      evilmike_arrival_hilbert_curve, layout_loops_ring,
          ebering_ecumenical_altar_webs, minmay_indecisive_spiral
D:2:      layout_basic, uniq_jessica, uniq_crazy_yiuf_cottage, uniq_natasha
D:3:      layout_rooms, hangedman_abyss_or_decor_stabs
D:4:      layout_cave_pods, fedhas_altar_1, nicolae_vehumet_altar_sigil
D:5:      minmay_skewed_foursquare, layout_basic,
          gammafunk_temple_overflow_elements, amcnicky_altar_gilded,
          gammafunk_ghost_grave, serial_shops, nicolae_diamond_shop,
          grunt_ministairs_1
D:6:      layout_cave_pools, minmay_temple_entry_ruins,
          gammafunk_ghost_necromancy
D:7:      layout_cave_pools

Skill      XL: |  1  2  3  4  5 |
---------------+----------------+-----
Evocations     | 2 |  2.0
Spellcasting   | 3 4 |  4.0
Ice Magic      | 5 6 |  6.0
Dodging        | 3 |  3.1
Fighting       | |  0.4
Stealth        | |  1.4

Action                   |  1- 3 |  4- 6 || total
-------------------------+-------+-------++-------
Melee: Unarmed           |       |     1 ||     1
 Cast: Freeze            |    16 |    12 ||    28
  Use: Scroll            |       |     1 ||     1
Armor: Robe              |     3 |     6 ||     9
Dodge: Dodged            |     5 |    17 ||    22
